Map: Pillars of Gold LE

Players

BlyOnFire (Bly)

  • Race: Zerg Zerg
  • League: Grandmaster
  • Spawn Location: 7:00

LiquidClem (Clem) - Winner!

  • Race: Terran Terran
  • League: Grandmaster
  • Spawn Location: 1:00

Event: StayAtHome Story Cup #3

VOD

https://youtu.be/Ra0z-2atPOU

Description

Time

  • Played on: March 11, 2021, 7:14 a.m.
  • Length: 8:30

All games in this series

Show
View Real Time Build Order
Export as new Build Order

BlyOnFire Zerg 

Build Orders: Hatch First, Roach Nydus 

Get SALT Encoding   

  12  0:00  Drone  
  13  0:14  Overlord  
  13  0:17  Drone  
  14  0:33  Drone x2  
  16  0:50  Hatchery  
  16  0:53  Drone  
  16  0:57  Drone  
  16  1:00  Drone  
  18  1:10  Extractor  
  17  1:17  Spawning Pool  
  16  1:20  Drone  
  16  1:22  Drone  
  18  1:29  Drone  
  19  1:41  Drone  
  20  1:52  Overlord  
  20  2:03  Queen x2  
  20  2:04  Zergling x4  
  26  2:12  Drone  
  26  2:13  Drone  
  26  2:14  Metabolic Boost  
  27  2:40  Zergling x2  
  28  2:44  Queen  
  28  2:45  Drone x3  
  28  2:46  Overlord  
  33  2:58  Lair  
  33  2:59  Drone x3  
  36  3:11  Drone x2  
  38  3:16  Drone  
  38  3:17  Drone x4  
  43  3:20  Overlord  
  43  3:27  Overlord  
  43  3:29  Extractor  
  42  3:37  Extractor  
  42  3:40  Roach Warren  
  40  3:46  Drone x5  
  45  3:55  Overlord  
  45  4:00  Nydus Network  
  44  4:09  Overlord  
  44  4:12  Zergling x4  
  44  4:13  Zergling x4  
  48  4:36  Roach x4  
  48  4:37  Roach x3  
  62  4:39  Nydus Canal  
  62  4:47  Roach x2  
  65  4:56  Nydus Canal  
  65  4:59  Roach x5  
  70  5:07  Queen, Overlord  
  70  5:08  Queen  
  70  5:11  Nydus Canal  
  74  5:15  Drone x2  
  76  5:24  Glial Reconstitution  
  76  5:25  Overlord  
  76  5:30  Overlord  
  76  5:38  Overlord  
  72  5:50  Drone x2  
  72  5:52  Drone x2, Extractor  
  75  5:57  Ravager x2  
  75  5:59  Overseer  
  75  6:00  Hatchery  
  76  6:15  Roach x4  
  76  6:18  Ravager x2  
  86  6:35  Roach x7  
  100  6:50  Nydus Canal  
  98  6:58  Roach x5  
  80  7:08  Roach x4  
  76  7:19  Queen  
  78  7:27  Roach x6  
  90  7:36  Roach x3  
  96  7:41  Roach  
  96  7:46  Overlord  
  96  7:47  Overseer, Overlord x3  
  96  8:00  Overlord x2  
  96  8:03  Overlord  
Show
View Real Time Build Order
Export as new Build Order

LiquidClem Terran - Winner!

Build Orders: Reaper Expand 

Get SALT Encoding   

  12  0:00  SCV  
  13  0:12  SCV  
  14  0:17  Supply Depot  
  14  0:24  SCV  
  15  0:39  SCV, Barracks  
  16  0:45  Refinery  
  16  0:51  SCV  
  17  1:03  SCV  
  18  1:15  SCV  
  19  1:27  Reaper  
  19  1:28  Orbital Command  
  20  1:43  Command Center  
  20  1:54  SCV  
  21  1:59  Barracks  
  21  2:02  Barracks Reactor  
  21  2:07  SCV  
  22  2:12  Supply Depot  
  22  2:19  SCV  
  23  2:26  Factory  
  23  2:33  SCV  
  23  2:35  Refinery  
  24  2:39  Marine  
  24  2:40  Marine  
  26  2:45  Barracks Tech Lab  
  26  2:46  SCV  
  27  2:56  Orbital Command  
  27  2:58  Marine x2  
  29  3:01  SCV  
  29  3:04  Marine  
  31  3:09  Stimpack  
  31  3:13  SCV  
  31  3:17  Marine x2  
  34  3:21  SCV  
  34  3:26  Starport  
  35  3:29  SCV  
  35  3:30  Factory Reactor  
  35  3:32  Marine  
  37  3:34  SCV  
  37  3:37  Marine  
  37  3:38  Marine  
  40  3:42  Supply Depot  
  40  3:44  SCV  
  40  3:47  SCV  
  42  3:49  Marine  
  43  3:55  Marine x2  
  43  3:57  SCV  
  46  4:03  SCV  
  46  4:07  Supply Depot  
  46  4:09  SCV, Marine  
  49  4:11  Medivac x2  
  49  4:13  Marine  
  54  4:17  Barracks  
  54  4:18  Factory Tech Lab  
  54  4:28  SCV x2, Bunker  
  54  4:29  Supply Depot  
  54  4:30  Marine  
  57  4:32  Marine  
  57  4:37  Marine  
  57  4:41  SCV  
  57  4:43  Siege Tank  
  61  4:49  Marine  
  61  4:50  Marine  
  62  4:54  SCV  
  62  4:55  Marine  
  62  4:56  Supply Depot  
  62  4:57  SCV  
  62  4:59  Supply Depot  
  65  5:07  SCV, Marine  
  66  5:08  Refinery  
  66  5:09  Marine  
  66  5:11  Marine  
  66  5:12  Marine, Combat Shield  
  70  5:17  Marine  
  70  5:18  SCV  
  70  5:19  SCV  
  73  5:23  Supply Depot  
  73  5:25  Marine  
  73  5:26  Siege Tank  
  73  5:27  Marine  
  78  5:30  SCV, Marine  
  78  5:34  Supply Depot  
  80  5:36  SCV  
  80  5:39  Marine x2  
  82  5:42  SCV  
  82  5:45  Marine  
  82  5:48  SCV  
  82  5:49  Marine x2  
  84  5:50  Starport Reactor  
  84  5:52  Supply Depot  
  84  5:54  SCV  
  84  5:56  Marine  
  85  6:00  SCV  
  85  6:03  Siege Tank  
  90  6:07  SCV  
  90  6:09  Marine  
  92  6:12  Marine x3, Engineering Bay  
  92  6:17  Refinery, Marine  
  96  6:20  Supply Depot  
  96  6:27  Marine  
  96  6:30  Marine x2, Medivac x2  
  103  6:35  Marine  
  104  6:46  Marine  
  104  6:47  Command Center  
  104  6:48  Marine x2  
  104  6:50  Marine  
  105  6:57  Siege Tank  
  105  6:59  Marine  
  105  7:00  Medivac  
  97  7:04  Marine  
  97  7:06  Marine  
  97  7:07  Medivac  
  95  7:08  Marine  
  95  7:12  Supply Depot  
  95  7:15  Marine  
  97  7:16  Marine  
  97  7:19  Supply Depot x2  
  97  7:22  Marine  
  99  7:27  SCV x2  
  101  7:33  Marine x2, Supply Depot  
  101  7:34  Marine x2  
  101  7:36  Siege Tank  
  106  7:40  Medivac  
  106  7:43  Medivac  
  110  7:52  Marine x2  
  110  7:55  Marine  
  110  7:56  Marine  
  114  7:59  Marine, Supply Depot  
  114  8:03  Orbital Command  
  115  8:10  Marine  
  115  8:11  Marine  
  123  8:29  Barracks  
Tags
 
Add a new tag
Caveats
  • Supply blocks, unpowered buildings, or Contaminate may cause inaccurate times.
  • Supply counts are checked every 10 seconds.